 Dungeon Crawl Stone Soup version 0.31.0-9-g3a7656b989 (webtiles) character file.

Game seed: 11025107947095551491

113 qw the Shooter (level 4, -1/23 HPs)
             Began as a Spriggan Hunter on Feb 2, 2024.
             Was an Initiate of Okawaru.
             Killed from afar by Natasha (7 damage)
             ... with a magic dart
             ... on level 3 of the Dungeon.
             The game lasted 00:00:07 (1932 turns).

qw the Shooter (Spriggan Hunter)                    Turns: 1932, Time: 00:00:08

Health: -1/23      AC:  2    Str:  7    XL:     4   Next: 65%
Magic:  5/5        EV: 20    Int: 10    God:    Okawaru [......]
Gold:   160        SH:  0    Dex: 20    Spells: 3/3 levels left

rFire   . . .        a - +0 shortbow
rCold   . . .        (shield currently unavailable)
rNeg    . . .        c - +0 robe
rPois   .            (helmet restricted)
rElec   .            (no cloak)
rCorr   .            (gloves unavailable)
SInv    +            (boots unavailable)
Will    .....        (no amulet)
Stlth   ++           (no ring)
HPRegen 0.23/turn    (no ring)
MPRegen 0.09/turn

%: no passive effects
@: about to teleport, very quick
A: very small, no large weapons, unfitting armour, see invisible, speed 3
a: Renounce Religion


You were on level 3 of the Dungeon.
You worshipped Okawaru.
Okawaru was noncommittal.
You visited 1 branch of the dungeon, and saw 3 of its levels.

You collected 160 gold pieces.


Innate Abilities, Weirdness & Mutations

You are very small and have problems with some larger weapons.
You are too small for most types of armour.
You have supernaturally acute eyesight. (SInv)
You cover ground extremely quickly. (Speed+++)


   Skills:
 + Level 1.9 Fighting
 - Level 5.0 Ranged Weapons
 - Level 5.0 Dodging
 - Level 1.5 Stealth


You had 3 spell levels left.
You didn't know any spells.
Your spell library was empty.

Inventory:

Hand Weapons
 a - a +0 shortbow (weapon)
Armour
 c - a +0 robe (worn)
Potions
 h - a potion of curing

Dungeon Overview and Level Annotations

Branches:
Dungeon (3/15)

Altars:
Makhleb
Nemelex Xobeh
Okawaru
Ru

Annotations:
D:2 1 runed translucent door, Crazy Yiuf
D:3 2 transporters, Natasha


Message History

The arrow hits the giant cockroach but does no damage.
The giant cockroach is almost dead.
The giant cockroach closely misses you.
You shoot an arrow.
The arrow closely misses the giant cockroach.
The giant cockroach completely misses you.
You shoot an arrow. The arrow hits the giant cockroach.
You kill the giant cockroach!
Okawaru accepts your kill.
Natasha, Servant of Life and Death comes into view.
You shoot an arrow. The arrow hits Natasha.
Natasha hisses angrily.
Natasha is moderately wounded.
You shoot an arrow.
The arrow hits Natasha but does no damage.
Natasha is moderately wounded.
You shoot an arrow. The arrow hits Natasha.
Natasha is severely wounded.
You shoot an arrow. The arrow barely misses Natasha.
Natasha mumbles some strange words.
You shoot an arrow. The arrow completely misses Natasha.
The arrow closely misses the cerulean imp.
You shoot an arrow. The arrow barely misses Natasha.
The arrow hits the cerulean imp but does no damage.
Natasha casts a spell at you. The magic dart hits you.
You shoot an arrow. The arrow hits Natasha.
Natasha is almost dead.
Natasha barely misses you.
The cerulean imp hits you from afar with a +1 spear.
You shoot an arrow. The arrow barely misses Natasha.
The arrow barely misses the cerulean imp.
Natasha claws you. The cerulean imp closely misses you.
1932 ||| READING scroll of teleportation.
As you read the scroll of teleportation, it crumbles to dust.
You feel strangely unstable. Natasha casts a spell at you.
The magic dart hits you!
You die...
Natasha begins licking her fur clean.

... #.# #.#.# #.#.#
#.#.# # #.#5# #. .. ##
#.#h# #.. #.# #. #.#@#
##..##.# #.
###.#.##.#.#......#+#.
#..........#.#........
#.#.#.##.#.#.#.......#
#.#.#.##.#.#.#.......#
#.#.#.##.#.#.........%
#.#.#.##......._.[....
#.#..........._8_.....
#.###.........._......


You could see Natasha and a cerulean imp (summoned).

Vanquished Creatures
  7 adders
  A dart slug (D:1)
  2 ball pythons
  2 bats (D:2)
  4 endoplasms
  4 giant cockroaches
  4 goblins
  6 hobgoblins
  9 kobolds
  A quokka (D:2)
  2 frilled lizards
  7 rats
49 creatures vanquished.

Notes
Turn   | Place    | Note
-------+----------+-------------------------------------------
     0 | D:1      | qw the Spriggan Hunter began the quest for the Orb.
     0 | D:1      | Reached XP level 1. HP: 10/10 MP: 2/2
     0 | D:1      | 0 ||| qw: Version: 0.3-a-155-g5e7d8dd
     0 | D:1      | 0 ||| qw: Game counter: 2660
     0 | D:1      | 0 ||| qw: Melee chars always use a shield: true
     0 | D:1      | 0 ||| qw: God list: Okawaru
     0 | D:1      | 0 ||| qw: Allow faded altars: false
     0 | D:1      | 0 ||| qw: Do Orc after clearing Dungeon:15 true
     0 | D:1      | 0 ||| qw: Do second Lair branch before Depths: true
     0 | D:1      | 0 ||| qw: Lair rune preference: random
     0 | D:1      | 0 ||| qw: Goals: Normal
     0 | D:1      | 0 ||| PLANNING D:1-11
    10 | D:1      | Found a faded altar of an unknown god.
    19 | D:1      | Reached skill level 3 in Dodging
   184 | D:1      | Reached XP level 2. HP: 8/14 MP: 3/3
   459 | D:1      | 459 ||| DROPPING scroll of butterflies.
   583 | D:2      | Found a runed translucent door.
   584 | D:2      | Noticed Crazy Yiuf
   626 | D:2      | Reached XP level 3. HP: 9/18 MP: 4/4
  1021 | D:2      | Reached XP level 4. HP: 11/22 MP: 5/5
  1024 | D:2      | 1024 ||| FLEEEEING.
  1025 | D:2      | HP: 5/22 [poisoned by an adder]
  1041 | D:2      | 1041 ||| FLEEEEING.
  1043 | D:2      | 1043 ||| FLEEEEING.
  1044 | D:2      | 1044 ||| FLEEEEING.
  1045 | D:2      | 1045 ||| FLEEEEING.
  1046 | D:2      | 1046 ||| FLEEEEING.
  1047 | D:2      | 1047 ||| FLEEEEING.
  1048 | D:2      | 1048 ||| FLEEEEING.
  1049 | D:2      | 1049 ||| FLEEEEING.
  1050 | D:2      | 1050 ||| FLEEEEING.
  1051 | D:2      | 1051 ||| FLEEEEING.
  1052 | D:2      | 1052 ||| FLEEEEING.
  1055 | D:2      | 1055 ||| FLEEEEING.
  1056 | D:2      | 1056 ||| FLEEEEING.
  1057 | D:2      | 1057 ||| FLEEEEING.
  1058 | D:2      | 1058 ||| FLEEEEING.
  1059 | D:2      | 1059 ||| FLEEEEING.
  1060 | D:2      | 1060 ||| FLEEEEING.
  1061 | D:2      | 1061 ||| FLEEEEING.
  1062 | D:2      | 1062 ||| FLEEEEING.
  1063 | D:2      | 1063 ||| FLEEEEING.
  1064 | D:2      | 1064 ||| FLEEEEING.
  1065 | D:2      | 1065 ||| FLEEEEING.
  1066 | D:2      | 1066 ||| FLEEEEING.
  1068 | D:2      | 1068 ||| FLEEEEING.
  1069 | D:2      | 1069 ||| FLEEEEING.
  1070 | D:2      | 1070 ||| FLEEEEING.
  1071 | D:2      | 1071 ||| FLEEEEING.
  1072 | D:2      | 1072 ||| FLEEEEING.
  1073 | D:2      | 1073 ||| FLEEEEING.
  1074 | D:2      | 1074 ||| FLEEEEING.
  1075 | D:2      | 1075 ||| FLEEEEING.
  1076 | D:2      | 1076 ||| FLEEEEING.
  1077 | D:2      | 1077 ||| FLEEEEING.
  1078 | D:2      | 1078 ||| FLEEEEING.
  1082 | D:2      | 1082 ||| FLEEEEING.
  1083 | D:2      | 1083 ||| FLEEEEING.
  1084 | D:2      | 1084 ||| FLEEEEING.
  1086 | D:2      | 1086 ||| FLEEEEING.
  1087 | D:2      | 1087 ||| FLEEEEING.
  1088 | D:2      | 1088 ||| FLEEEEING.
  1089 | D:2      | 1089 ||| STAIRDANCE
  1127 | D:1      | 1127 ||| READING scroll labelled EKAAMU GAEWU.
  1128 | D:1      | 1128 ||| READING scroll labelled HANAHU TOIRAVO.
  1170 | D:1      | 1170 ||| READING scroll labelled FUOHAU BAIGIMY.
  1174 | D:1      | 1174 ||| READING scroll labelled DAVATAHYSM.
  1174 | D:1      | 1174 ||| IDENTIFYING fizzy inky potion
  1175 | D:1      | 1175 ||| DROPPING potion of degeneration.
  1702 | D:3      | Found a transporter.
  1709 | D:3      | Found a transporter.
  1879 | D:3      | Found a sacrificial altar of Ru.
  1879 | D:3      | Found a burning altar of Makhleb.
  1879 | D:3      | Found a sparkling altar of Nemelex Xobeh.
  1880 | D:3      | Found an iron altar of Okawaru.
  1881 | D:3      | 1881 ||| PLANNING OKAWARU WORSHIP
  1881 | D:3      | 1881 ||| READING scroll of identify.
  1881 | D:3      | 1881 ||| IDENTIFYING metallic coppery potion
  1882 | D:3      | 1882 ||| READING scroll labelled MEMNOVVETT.
  1882 | D:3      | 1882 ||| ENCHANTING +0 shortbow.
  1890 | D:3      | Became a worshipper of Warmaster Okawaru
  1891 | D:3      | 1891 ||| PLANNING D:1-11
  1923 | D:3      | Noticed Natasha
  1931 | D:3      | HP: 5/23 [Natasha (6)]
  1932 | D:3      | 1932 ||| READING scroll of teleportation.
  1932 | D:3      | Killed from afar by Natasha

Levels and vault maps discovered:
D:1:      minmay_arrival_solitary_statue, layout_rooms,
          shapermc_ecumenical_altar_starsandcircs, minmay_misc_feat_ornament
D:2:      layout_loops_cross, lemuel_flame_loot_1, uniq_crazy_yiuf_cottage
D:3:      gammafunk_steamed_eel, layout_basic,
          chequers_temple_overflow_statue_of_worship, serial_bayou_crossing,
          uniq_natasha

Skill      XL: |  1  2  3  4 |
---------------+-------------+-----
Dodging        | 3 4 5 |  5.0
Ranged Weapons | 5 |  5.0
Fighting       | |  1.9
Stealth        | |  1.5

Action                     |  1- 3 |  4- 6 || total
---------------------------+-------+-------++-------
   Fire: Shortbow          |   119 |    46 ||   165
    Use: Scroll            |       |     7 ||     7
 Armour: Robe              |    12 |     5 ||    17
  Dodge: Dodged            |    46 |    10 ||    56

Table legend:
 A = Non-vault XP
 B = Vault XP
 C = Vault XP percentage of total XP
 D = Non-vault monster count
 E = Vault monster count
 F = Vault count percentage of total count
                 A         B        C        D         E       F
            +---------+---------+-------+---------+---------+-------
      Total |     162 |       0 |   0.0 |      49 |       0 |   0.0
            +---------+---------+-------+---------+---------+-------
        D:1 |      25 |       0 |   0.0 |      13 |       0 |   0.0
        D:2 |      98 |       0 |   0.0 |      25 |       0 |   0.0
        D:3 |      39 |       0 |   0.0 |      11 |       0 |   0.0
            +---------+---------+-------+---------+---------+-------
